 Dungeon Crawl Stone Soup version 0.28.0-45-g0d030f2227 (webtiles) character file.

Game seed: 14567080567548864721

11894 psko the Thaumaturge (level 11, -21/49 (51) HPs)
             Began as a Spriggan Conjurer on Apr 23, 2022.
             Was a Believer of Sif Muna.
             Demolished by an orc warlord
             ... wielding a +0 battleaxe of venom
              (26 damage)
             ... on level 10 of the Dungeon.
             The game lasted 02:11:09 (20501 turns).

psko the Thaumaturge (Spriggan Conjurer)           Turns: 20501, Time: 02:11:09

HP:   -21/49 (51)   AC: 12    Str:  7    XL:     11   Next: 55%
MP:   29/29         EV: 16    Int: 27    God:    Sif Muna [**....]
Gold: 754           SH:  5    Dex: 13    Spells: 17/36 levels left

rFire   . . .      SeeInvis +   A - +10 short sword of the Devouring Dove {venom, *Slow rPois Str+2 Int+4}
rCold   . . .      Faith    .   b - +0 buckler
rNeg    . . .      Spirit   .   O - +0 acid dragon scales
rPois   +          Reflect  .   (helmet restricted)
rElec   .          Harm     .   s - +1 cloak {Will+}
rCorr   +          Rampage  .   (gloves unavailable)
Will    ++...                   (boots unavailable)
Stlth   +++.......              (no amulet)
HPRegen 0.16/turn               h - +4 ring of slaying
MPRegen 0.21/turn               F - +4 ring of protection

@: lightly drained, very quick
A: very small, no large weapons, unfitting armour, see invisible, speed 3,
antennae 1, subdued magic 1
a: Renounce Religion, Channel Magic


You were on level 10 of the Dungeon.
You worshipped Sif Muna.
Sif Muna was pleased with you.
You visited 3 branches of the dungeon, and saw 12 of its levels.

You collected 754 gold pieces.

Inventory:

Hand Weapons
 l - a +0 spectral mace
 p - a +0 dagger of flaming
 r - a +5 mace of draining
 t - a +3 quarterstaff of chaos
 u - a +2 dagger of freezing
 v - a +2 vorpal hand axe
 A - the +10 short sword of the Devouring Dove (weapon) {venom, *Slow rPois Str+2 Int+4}
   (You found it on level 5 of the Dungeon)

   It poisons the flesh of those it strikes.
   Str:       It affects your strength (+2).
   Int:       It affects your intelligence (+4).
   rPois:     It protects you from poison.
   *Slow:     It may slow you when you take damage.
 K - a +1 falchion of protection
 N - a +2 flail of protection
 P - a +1 morningstar of draining
 T - a +0 whip of holy wrath
 V - the +7 Singing Sword {vorpal, sonic wave}
   (You found it on level 8 of the Dungeon)

   It inflicts extra damage upon your enemies.
   It radiates damaging sonic waves as it strikes, especially in combat
   involving dangerous or numerous foes.
 Y - a +0 vampiric short sword
 Z - a +0 trident of venom
Armour
 b - a +0 buckler (worn)
 s - a +1 cloak of willpower (worn)
 w - a +0 scale mail of fire resistance
 J - a +1 pair of boots
 O - +0 acid dragon scales (worn)
 Q - a +0 troll leather armour
 X - +0 steam dragon scales
Magical Staves
 g - a staff of conjuration
 R - a staff of conjuration
Jewellery
 h - a +4 ring of slaying (left hand)
 F - a +4 ring of protection (right hand)
 I - a ring of positive energy
Wands
 y - a wand of iceblast (5)
 G - a wand of digging (7)
Scrolls
 k - 5 scrolls of teleportation
 o - a scroll of silence
 x - a scroll of fog {unknown}
 z - a scroll of vulnerability {unknown}
 B - a scroll of blinking
 D - a scroll of torment {unknown}
 E - a scroll of brand weapon
 S - a scroll of summoning {unknown}
 U - 2 scrolls of enchant armour {unknown}
 W - a scroll of fear {unknown}
Potions
 c - 3 potions of ambrosia
 d - 2 potions of mutation
 e - a potion of brilliance {unknown}
 f - 2 potions of lignification {unknown}
 i - 4 potions of haste
 j - 3 potions of flight
 m - 2 potions of magic {unknown}
 n - 2 potions of curing {unknown}
 q - 3 potions of cancellation {unknown}
 C - a potion of invisibility {unknown}
 H - a potion of heal wounds {unknown}
Miscellaneous
 a - a phial of floods
 L - a tin of tremorstones (2/2)


   Skills:
 + Level 2.7 Fighting
 + Level 5.3 Short Blades
 + Level 0.5 Maces & Flails
 + Level 3.1 Armour
 + Level 6.0 Dodging
 + Level 5.2 Stealth
 + Level 1.1 Shields
 + Level 13.2 Spellcasting
 + Level 8.7 Conjurations
 + Level 0.6 Fire Magic
 + Level 4.4 Air Magic
 + Level 0.7 Evocations


You had 17 spell levels left.
You knew the following spells:

 Your Spells              Type           Power      Damage    Failure   Level
a - Magic Dart            Conj           100%       1d8       1%          1
b - Searing Ray           Conj           98%        2d8       1%          2
c - Static Discharge      Conj/Air       41%        N/A       1%          2
d - Dazzling Flash        Conj/Hex       62%        N/A       4%          3
e - Scorch                Fire           32%        2d6       12%         2
f - Animate Skeleton      Necr           26%        N/A       10%         1
g - Pain                  Necr           52%        1d6       10%         1
h - Airstrike             Air            16%        N/A       17%         4
i - Swiftness             Air            32%        N/A       4%          3

Your spell library contained the following spells:

 Spells                   Type           Power      Damage    Failure   Level
 Shock                    Conj/Air       100%       1d9       1%          1
 Flame Wave               Conj/Fire      33%        2d8       16%         4
 Sticky Flame             Conj/Fire      33%        2d5       16%         4
 Fulminant Prism          Conj/Hex       15%        3d11      17%         4
 Iskenderun's Mystic Bla  Conj/Tloc      31%        2d8       17%         4
 Vampiric Draining        Necr           13%        2d6       32%         3
 Dispel Undead            Necr           13%        3d9       73%         4
 Summon Cactus Giant      Summ           6%         N/A       100%        6


Dungeon Overview and Level Annotations

Branches:
Dungeon (10/15)            Temple (1/1) D:7             Orc (1/2) D:10
   Lair: D:8-11

Altars:
Kikubaaqudgha
Sif Muna
Uskayaw
Vehumet

Shops:
D:2 (   D:7 :   D:8 [*[[*


Innate Abilities, Weirdness & Mutations

You are very small and have problems with some larger weapons.
You are too small for most types of armour.
You have supernaturally acute eyesight. (SInv)
You cover ground extremely quickly. (Speed+++)
You have a pair of small antennae on your head.
Your spells are a little easier to cast, but a little less powerful.


Message History

There is a staircase to the Orcish Mines here.
You start resting.
HP restored.
You start resting.
Magic restored.
Unknown command.
You climb downwards.
Welcome back to the Orcish Mines!
The orc closely misses you. You block the orc's attack.
The orc warrior completely misses you.
The orc warlord roars a battlecry!
The orcs go into a battle-frenzy!
The orc hits you but does no damage.
The orc warrior hits you with a +2 short sword of flaming!!
The orc warrior burns you!
* * * LOW HITPOINT WARNING * * *
The orc closely misses you.
An orc comes into view. It is wielding a +0 short sword.
The orc shouts!
There is a staircase back to the Dungeon, spattered with blood here.
You hear a shout!
The orc warlord hits you with a +0 battleaxe of venom!
* * * LOW HITPOINT WARNING * * *
The orc hits you but does no damage. You block the orc's attack.
You block the orc warrior's attack.
You climb upwards.
Welcome back to the Dungeon!
There is a staircase to the Orcish Mines here.
Casting: Searing Ray (safe; 1% risk of failure)
Confirm with . or Enter, or press ? or * to list all spells.
Okay, then.
Really quaff the potion of mutation?
Uppercase [Y]es or [N]o only, please.
Really quaff the potion of mutation?
You feel extremely strange.
Your connection to magic feels subdued.
A pair of antennae grows on your head! You block the orc warlord's attack.
You block the orc's attack.
You hit the orc.
The orc is poisoned.
The orc is lightly wounded.
The orc warlord hits you with a +0 battleaxe of venom!!
Ouch! That really hurt!
You die...

#.#..## ##.......#.#
#.#### ##.....##...
#.# ##...## ## #.#
##+## #.# #.# ### #
#.###.## .##
##.##.#.######...#.#
#....###..oo@oo..<.#
#...## ##.####...###
#....# #.## .##
#####.#.# # #.# ###


You could see an orc warlord, an orc warrior (strong) and 2 orcs.

Vanquished Creatures
  Erolcha (D:9)
  2 two-headed ogres
  A cyclops (D:7)
  An ugly thing (D:7)
  An unseen horror (D:7)
  Maggie (D:7)
  A troll (D:7)
  The ghost of ioannis32 the Chopper, an amateur DsBe of Trog (D:5)
  A hornet (D:10)
  5 yaks
  A wraith (D:5)
  A steam dragon (D:9)
  Menkaure (D:5)
  An acid dragon (D:7)
  A water moccasin (D:8)
  14 two-headed ogre zombies (D:9)
  4 orc warriors
  2 black bears
  A sky beast (D:7)
  2 necrophages
  4 ogres
  8 centaurs
  2 phantoms
  2 kobold brigands
  4 bullfrogs
  6 scorpions
  2 water moccasin skeletons
  14 killer bees
  4 wights (D:9)
  2 howler monkeys
  3 centaur zombies (D:9)
  2 jellies (D:7)
  2 gnoll shamans
  2 bullfrog zombies
  2 hounds
  7 orc priests
  Crazy Yiuf (D:3)
  2 centaur skeletons (D:5)
  9 orc wizards
  Terence (D:3)
  4 iguanas (D:7)
  21 gnolls
  A howler monkey skeleton (D:7)
  A howler monkey zombie (D:9)
  9 adders
  A white imp (D:8)
  2 ufetubi
  An adder skeleton (D:5)
  A worm (D:5)
  3 dart slugs
  21 orcs
  5 ball pythons
  5 endoplasms
  A giant cockroach (D:2)
  24 goblins
  22 hobgoblins
  4 quokkas
  18 bats
  4 frilled lizards
  20 kobolds
  5 rats
295 creatures vanquished.

Vanquished Creatures (others)
  18 fungi
18 creatures vanquished.

Grand Total: 313 creatures vanquished

Notes
Turn   | Place    | Note
-------+----------+-------------------------------------------
     0 | D:1      | psko the Spriggan Conjurer began the quest for the Orb.
     0 | D:1      | Reached XP level 1. HP: 9/9 MP: 5/5
    45 | D:1      | Found a faded altar of an unknown god.
   337 | D:1      | Reached XP level 2. HP: 10/13 MP: 3/6
  1062 | D:2      | Found Bezoof's Antique Weapon Shop.
  1182 | D:2      | Learned a level 2 spell: Searing Ray
  1185 | D:2      | Learned a level 2 spell: Static Discharge
  1234 | D:2      | Reached skill level 3 in Spellcasting
  1234 | D:2      | Reached XP level 3. HP: 16/16 MP: 0/8
  1528 | D:2      | Learned a level 3 spell: Dazzling Flash
  2591 | D:3      | Reached XP level 4. HP: 21/21 MP: 0/10
  2837 | D:3      | Reached skill level 4 in Spellcasting
  2914 | D:3      | Learned a level 2 spell: Scorch
  3240 | D:3      | Reached XP level 5. HP: 14/25 MP: 2/12
  4234 | D:3      | Reached skill level 5 in Spellcasting
  4380 | D:3      | Reached XP level 6. HP: 28/29 MP: 5/14
  4638 | D:3      | Found a runed translucent door.
  4639 | D:3      | Noticed Crazy Yiuf
  4647 | D:3      | Killed Crazy Yiuf
  5109 | D:3      | Noticed Terence
  5126 | D:3      | Killed Terence
  5838 | D:4      | Reached skill level 6 in Spellcasting
  5838 | D:4      | Reached XP level 7. HP: 32/32 MP: 0/17
  7018 | D:4      | Reached skill level 5 in Conjurations
  7061 | D:4      | Learned a level 1 spell: Animate Skeleton
  7063 | D:4      | Learned a level 1 spell: Pain
  7345 | D:5      | Entered Level 5 of the Dungeon
  7388 | D:5      | Identified the +10 short sword of the Devouring Dove
                  | {venom, *Slow rPois Str+2 Int+4}
  7445 | D:5      | Noticed ioannis32's ghost (amateur DsBe)
  7446 | D:5      | Found a transporter.
  7461 | D:5      | Noticed Menkaure
  7796 | D:5      | Killed Menkaure
  7797 | D:5      | Reached skill level 7 in Spellcasting
  7994 | D:5      | Found a transporter.
  8690 | D:6      | Reached XP level 8. HP: 24/37 MP: 12/20
  8705 | D:6      | Reached skill level 8 in Spellcasting
  9508 | D:5      | Learned a level 4 spell: Flame Wave
  9512 | D:6      | Reached skill level 9 in Spellcasting
  9799 | D:6      | Reached skill level 1 in Fighting
  9799 | D:6      | Reached skill level 1 in Air Magic
 10766 | D:5      | Killed ioannis32's ghost
 10767 | D:5      | Reached skill level 5 in Stealth
 10767 | D:5      | Reached XP level 9. HP: 22/41 MP: 1/23
 10975 | D:7      | Reached skill level 10 in Spellcasting
 11410 | D:7      | Found a staircase to the Ecumenical Temple.
 11421 | Temple   | Entered the Ecumenical Temple
 11475 | Temple   | Became a worshipper of Sif Muna the Loreminder
 12719 | D:7      | Reached skill level 1 in Short Blades
 12741 | D:7      | Noticed Maggie
 12974 | D:7      | Noticed a red ugly thing
 13245 | D:7      | Killed Maggie
 13246 | D:7      | Reached skill level 11 in Spellcasting
 13536 | D:7      | Killed a purple ugly thing
 13537 | D:7      | Reached XP level 10. HP: 35/46 MP: 13/26
 13653 | D:7      | Reached skill level 5 in Dodging
 13924 | D:7      | Noticed a cyclops
 14369 | D:7      | Killed a cyclops
 14370 | D:7      | Reached skill level 1 in Armour
 14652 | D:7      | Found Jodoniw's Book Shop.
 14740 | D:8      | Found Hilafeot's Antique Armour Shoppe.
 14770 | D:8      | Found Onapraig's Armour Shoppe.
 14927 | D:8      | Reached * piety under Sif Muna
 15024 | D:8      | Found the +7 Singing Sword {vorpal, sonic wave}
 15418 | D:8      | Found Cuinilox's General Store.
 15642 | D:8      | Found Junun's Assorted Antiques.
 15837 | D:8      | Noticed a two-headed ogre
 15901 | D:8      | Killed a two-headed ogre
 15902 | D:8      | Reached skill level 12 in Spellcasting
 16210 | D:8      | Found Vituurim's Armour Shop.
 16535 | D:9      | Reached ** piety under Sif Muna
 16664 | D:9      | Noticed a two-headed ogre
 16685 | D:9      | Killed a two-headed ogre
 16686 | D:9      | Reached XP level 11. HP: 48/51 MP: 13/28
 16869 | D:9      | Noticed Maurice
 17524 | D:9      | Reached skill level 1 in Shields
 18635 | D:9      | Noticed Erolcha
 18906 | D:9      | Killed Erolcha
 18907 | D:9      | Reached skill level 13 in Spellcasting
 19513 | D:9      | Reached skill level 5 in Short Blades
 19990 | D:10     | Entered Level 10 of the Dungeon
 20249 | D:10     | Learned a level 4 spell: Airstrike
 20262 | D:10     | Learned a level 3 spell: Swiftness
 20305 | D:10     | Found an ancient bone altar of Kikubaaqudgha.
 20374 | D:10     | Found a staircase to the Orcish Mines.
 20381 | Orc:1    | Entered Level 1 of the Orcish Mines
 20406 | Orc:1    | Noticed an orc warlord
 20500 | D:10     | Gained mutation: Your spells are a little easier to cast,
                  | but a little less powerful. [potion of mutation]
 20500 | D:10     | Gained mutation: You have a pair of small antennae on your
                  | head. [potion of mutation]
 20501 | D:10     | Demolished by an orc warlord

Illustrated notes

Levels and vault maps discovered:
D:1:      minmay_arrival_five_plusses, layout_loops_ring,
          hellmonk_ecumenical_altar_arch_garden, minmay_tiny_reverse_x
D:2:      layout_loops_ring, serial_shops, nicolae_shop_hallway_plus,
          small_statue_intersection
D:3:      minmay_goblin_kobold_castle, layout_loops_corners,
          grunt_ministairs_12, uniq_terence, uniq_crazy_yiuf_cottage
D:4:      layout_cave_pods
D:5:      layout_basic, gammafunk_ghost_smash, uniq_menkaure
D:6:      layout_cave_pools, hangedman_abyss_or_decor_lesser_grid
D:7:      minmay_chambers_of_sevens, layout_loops_ring,
          minmay_temple_entry_proselytizer, serial_shops,
          nicolae_lakefront_shop, uniq_maggie
D:8:      old_forge, layout_loops_corners, serial_shops, kennysheep_little_box,
          nicolae_shop_hallway_plus, kennysheep_mini_moat,
          nicolae_shop_hallway_plus, shop,
          nicolae_concentric_dashed_squares_wild
D:9:      lemuel_ogre_cave, layout_basic, roderic_cross_of_infinity,
          uniq_maurice
D:10:     layout_loops_corners, kiku_gazebo_pond_becter, serial_shops,
          nicolae_lakefront_shop, uniq_sonja, uniq_fannar
Temple:   mainiacjoe_temple_trianglar_array
Orc:1:    layout_diamond_mine, mines1_david

Skill      XL: |  1  2  3  4  5  6  7  8  9 10 11 |
---------------+----------------------------------+-----
Conjurations   | 3 4 5 6 7 8 |  8.7
Spellcasting   | 3 4 5 6 7 9 11 12 13 | 13.2
Dodging        | 3 4 5 6 |  6.0
Stealth        | 4 5 |  5.2
Fighting       | 1 2 |  2.7
Air Magic      | 1 2 3 4 |  4.4
Short Blades   | 2 4 5 |  5.3
Armour         | 2 3 |  3.1
Shields        | 1 |  1.1
Maces & Flails | |  0.5
Fire Magic     | |  0.6
Evocations     | |  0.7

Action                   |  1- 3 |  4- 6 |  7- 9 | 10-12 || total
-------------------------+-------+-------+-------+-------++-------
Melee: Staff             |     7 |       |       |       ||     7
       Short sword       |     1 |       |    27 |   163 ||   191
       Mace              |     7 |    20 |       |       ||    27
       Punch             |     2 |     1 |     1 |       ||     4
 Cast: Magic Dart        |    77 |    91 |   131 |   106 ||   405
       Searing Ray       |     9 |    44 |    81 |   118 ||   252
       Static Discharge  |     4 |     5 |    72 |    92 ||   173
       Scorch            |       |     4 |       |     2 ||     6
Evoke: Wand              |       |       |     3 |       ||     3
  Use: Scroll            |     1 |       |     2 |    10 ||    13
       Potion            |       |       |       |     1 ||     1
 Stab: Sleeping          |     1 |       |       |     2 ||     3
Armor: Robe              |     6 |     2 |    11 |       ||    19
       Acid dragon scale |       |       |     3 |    60 ||    63
Dodge: Dodged            |    39 |    28 |    66 |   133 ||   266
Block: Buckler           |       |       |    12 |    45 ||    57
